 Dungeon Crawl Stone Soup version 0.29-a0-1023-g6ae1a4a2c7 (webtiles) character file.

Game seed: 14892767356064690978

54 2tc the Firebug (level 3, 0/19 HPs)
             Began as a Gargoyle Fire Elementalist on Aug 11, 2022.
             Slain by a hobgoblin (1 damage)
             ... on level 2 of the Dungeon.
             The game lasted 00:04:54 (1458 turns).

2tc the Firebug (Gargoyle Fire Elementalist)        Turns: 1458, Time: 00:04:54

Health: 0/19       AC:  5    Str: 11    XL:     3   Next: 91%
Magic:  2/6        EV: 11    Int: 17    God:
Gold:   28         SH:  0    Dex: 10    Spells: 3/6 levels left

rFire   . . .      SeeInvis .   e - +0 dagger
rCold   . . .      Faith    .   (no shield)
rNeg    + . .      Spirit   .   a - +0 robe
rPois   ∞          Reflect  .   (no helmet)
rElec   +          Harm     .   (no cloak)
rCorr   .          Rampage  .   (no gloves)
Will    .....                   (no boots)
Stlth   ++........              (no amulet)
HPRegen 0.06/turn               (no ring)
MPRegen 0.10/turn               (no ring)

@: no status effects
A: sickness immunity, AC +3, negative energy resistance 1, electricity
resistance, torment resistance 1, petrification resistance
a: no special abilities


You were on level 2 of the Dungeon.
You visited 1 branch of the dungeon, and saw 2 of its levels.

You collected 28 gold pieces.

Inventory:

Hand Weapons
 e - a +0 dagger (weapon)
 j - a +0 quarterstaff
Armour
 a - a +0 robe (worn)
Scrolls
 h - a scroll of blinking
 i - a scroll of magic mapping
Potions
 b - a potion of magic
 c - 3 potions of curing {unknown}
 d - 2 potions of invisibility {unknown}
 f - a potion of flight {unknown}
 g - a potion of lignification {unknown}


   Skills:
 - Level 1.5 Dodging
 - Level 2.1 Stealth
 - Level 2.0 Spellcasting
 - Level 1.1 Conjurations
 * Level 4.7 Fire Magic


You had 3 spell levels left.
You knew the following spells:

 Your Spells              Type           Power      Damage    Failure   Level
a - Foxfire               Conj/Fire      44%        2x1d6     6%          1
b - Scorch                Fire           34%        2d7       4%          2

Your spell library contained the following spells:

 Spells                   Type           Power      Damage    Failure   Level
 Magic Dart               Conj           20%        1d4       12%         1
 Searing Ray              Conj           10%        2d4       19%         2
 Conjure Flame            Conj/Fire      11%        6-21      19%         3
 Inner Flame              Hex/Fire       9%         N/A       22%         3
 Flame Wave               Conj/Fire      11%        2d6       52%         4
 Fulminant Prism          Conj/Hex       1%         3d6       83%         4


Dungeon Overview and Level Annotations

Branches:
Dungeon (2/15)

Altars:


Innate Abilities, Weirdness & Mutations

You are immune to sickness and miasma.
Your stone body is resilient. (AC +3)
You are immune to poison.
You resist negative energy. (rN+)
You are resistant to electric shocks. (rElec)
You are resistant to unholy torment.
You are immune to petrification.


Message History

You kill the hobgoblin!
Your magical contamination has completely faded away.
You hit the goblin.
The goblin is almost dead.
The goblin closely misses you.
You completely miss the goblin.
The goblin is almost dead.
The goblin hits you but does no damage. The hobgoblin completely misses you.
You barely miss the goblin.
The goblin is almost dead.
The hobgoblin barely misses you.
You barely miss the goblin.
The goblin is almost dead.
The hobgoblin hits you but does no damage.
The goblin hits you with a +0 dagger. The hobgoblin barely misses you.
You closely miss the goblin.
The goblin is almost dead.
The hobgoblin hits you.
The hobgoblin hits you but does no damage.
The goblin hits you with a +0 dagger.
The hobgoblin hits you but does no damage.
You closely miss the goblin.
The goblin is almost dead.
The hobgoblin closely misses you. The hobgoblin hits you.
* * * LOW HITPOINT WARNING * * *
The goblin closely misses you. The hobgoblin closely misses you.
You barely miss the goblin.
The goblin is almost dead.
The hobgoblin hits you but does no damage.
The goblin misses you. The hobgoblin closely misses you.
The hobgoblin hits you.
* * * LOW HITPOINT WARNING * * *
You closely miss the goblin.
The goblin is almost dead.
The hobgoblin hits you but does no damage. x2
The goblin hits you but does no damage. The hobgoblin barely misses you.
You closely miss the goblin.
The goblin is almost dead.
The hobgoblin hits you.
You die...

#..# ##.# #######
#.# ##.....##
#.## #..###..#
#..###.##,##.###
##.#...#,,g#...##
#...###*'####..#
#gg##g#...#,##.#
#@gggg'...+,,#.#
##g##.#...#,##.#
#..###*+####..#
##...#,,,#...##
###.##,##.###
#..###..#
##.....## #######


You could see 6 hobgoblins and 2 goblins.

Vanquished Creatures
  An adder (D:2)
  An orc (D:2)
  5 endoplasms
  4 giant cockroaches
  7 goblins
  6 hobgoblins
  5 ball pythons
  4 bats
  2 frilled lizards (D:1)
  2 kobolds (D:2)
  4 rats
41 creatures vanquished.

Vanquished Creatures (others)
  74 foxfires
74 creatures vanquished.

Grand Total: 115 creatures vanquished

Notes
Turn   | Place    | Note
-------+----------+-------------------------------------------
     0 | D:1      | 2tc the Gargoyle Fire Elementalist began the quest for the
                  | Orb.
     0 | D:1      | Reached XP level 1. HP: 10/10 MP: 3/3
   155 | D:1      | Reached XP level 2. HP: 11/15 MP: 1/5
   249 | D:1      | Learned a level 2 spell: Scorch
   541 | D:1      | Reached skill level 4 in Fire Magic
   693 | D:2      | Reached XP level 3. HP: 14/19 MP: 4/6
  1314 | D:2      | Found a faded altar of an unknown god.
  1458 | D:2      | Slain by a hobgoblin

Illustrated notes

Levels and vault maps discovered:
D:1:      minmay_arrival_nine_rooms, layout_rooms
D:2:      cheibrodos_greedy_goblins, layout_basic,
          chequers_ecumenical_altar_simple, eino_tiny_chamber,
          minmay_tetromino_i2

Skill      XL: |  1  2 |
---------------+-------+-----
Fire Magic     | 4 |  4.7
Dodging        | |  1.5
Stealth        | |  2.1
Spellcasting   | |  2.0
Conjurations   | |  1.1

Action                   || total
-------------------------++-------
Melee: Dagger            ||    54
 Cast: Foxfire           ||    44
       Scorch            ||     2
  Use: Scroll            ||     3
 Stab: Sleeping          ||     2
Armor: Robe              ||    31
Dodge: Dodged            ||    51

Table legend: (Time is in decaauts)
 A = Elapsed time spent in this place.
 B = Non-inter-level travel time spent in this place.
 C = Inter-level travel time spent in this place.
 D = Time resting spent in this place.
 E = Time spent auto-exploring this place.
 F = Levels seen in this place.
 G = Mean time per level.
                   A        B        C        D        E       F      G
               +--------+--------+--------+--------+--------+-----+--------+
         Total |   1456 |   1433 |     23 |      9 |   1137 |   2 |  728.0 |
       Dungeon |   1456 |   1433 |     23 |      9 |   1137 |   2 |  728.0 |
               +--------+--------+--------+--------+--------+-----+--------+

Top non-repeatable levels by time:
     D:2: 776 daAuts
     D:1: 680 daAuts
